[Event "Titled Tuesday Blitz November 01 Late 2022"]
[White "Winterberg, Lukas"]
[Black "Hjartarson, Johann"]
[WhiteFideId "24622702"]
[BlackFideId "2300044"]
[WhiteElo "2349"]
[BlackElo "2458"]
[Result "1-0"]
[Round "07"]
[TimeControl "180+1"]
[Date "2022.11.02"]
[WhiteClock "0:00:53"]
[BlackClock "0:00:48"]

1. d4 Nf6 2. Nf3 g6 3. c4 Bg7 4. Nc3 O-O 5. e4 d6 6. Be2 e5 7. O-O Nc6 8. d5 Ne7 9. Bg5 Nh5 10. Re1 f5 11. Nh4 Nf4 12. Bxf4 exf4 13. exf5 g5 14. Nf3 Nxf5 15. Bd3 h6 16. Bxf5 Bxf5 17. Nd4 Bxd4 18. Qxd4 Qf6 19. Qxf6 Rxf6 20. Re7 Rf7 21. Rae1 Raf8 22. Nb5 Rc8 23. Nxa7 Rxe7 24. Rxe7 Ra8 25. Nb5 Rxa2 26. h3 Rxb2 27. Rxc7 Rb1+ 28. Kh2 Rb2 29. Nxd6 Bd3 30. Kg1 Rb1+ 31. Kh2 Rb2 32. Nxb7 Rxf2 33. d6 Be4 34. Kg1 Rxg2+ 35. Kf1 f3 36. Nc5 Bf5 37. d7 Rd2 38. Rc8+ Kg7 39. d8=Q Bxh3+ 40. Ke1 Rxd8 41. Rxd8 g4 42. Ne4 h5 43. Kf2 h4 44. c5 g3+ 45. Nxg3 hxg3+ 46. Kxg3 1-0


[Site "https://www.chess.com"]

[Event "Titled Tuesday Blitz November 01 Late 2022"]
[White "Yanchenko, Roman"]
[Black "Rosen, Eric"]
[WhiteFideId "4137329"]
[BlackFideId "2032562"]
[WhiteElo "2781"]
[BlackElo "2611"]
[Result "1-0"]
[Round "07"]
[TimeControl "180+1"]
[Date "2022.11.02"]
[WhiteClock "0:02:52"]
[BlackClock "0:01:27"]

1. d4 d5 2. c4 e6 3. Nc3 Nf6 4. Bg5 Nbd7 5. e3 c6 6. Nf3 Qa5 7. Bxf6 Nxf6 8. a3 c5 9. dxc5 Qxc5 10. cxd5 exd5 11. Bb5+ Bd7 12. Bxd7+ Kxd7 13. Rc1 Qc4 14. Ne5+ 1-0


[Site "https://www.chess.com"]

[Event "Titled Tuesday Blitz November 01 Late 2022"]
[White "Yuan, Qingyu"]
[Black "Krishnan, Varun"]
[WhiteFideId "8609772"]
[BlackFideId "5054508"]
[WhiteElo "2359"]
[BlackElo "2496"]
[Result "1-0"]
[Round "07"]
[TimeControl "180+1"]
[Date "2022.11.02"]
[WhiteClock "0:01:15"]
[BlackClock "0:00:02"]

1. e4 g6 2. d4 Bg7 3. Nf3 d6 4. h3 a6 5. a4 Nf6 6. Bd3 O-O 7. O-O b6 8. Re1 Bb7 9. Nbd2 c5 10. c3 Nbd7 11. Nf1 e5 12. dxe5 Nxe5 13. Nxe5 dxe5 14. Qc2 Qd6 15. Bg5 Qc6 16. Bxf6 Bxf6 17. Ne3 b5 18. c4 b4 19. Nd5 Qd6 20. a5 Bxd5 21. cxd5 h5 22. Qa4 h4 23. Rac1 Be7 24. Rc4 f5 25. Qd1 f4 26. Qg4 Kg7 27. Be2 Rh8 28. Rec1 Rac8 29. Rxb4 cxb4 30. Rxc8 Rxc8 31. Qxc8 b3 32. Qxa6 Qb4 33. Qb5 Qd2 34. a6 Qxb2 35. Qb7 Qa1+ 36. Kh2 Kf6 37. a7 b2 38. Bd3 Qe1 39. Qxb2 Qa5 40. Qb7 1-0


[Site "https://www.chess.com"]

[Event "Titled Tuesday Blitz November 01 Late 2022"]
[White "Zhigalko, Sergei"]
[Black "Lazavik, Denis"]
[WhiteFideId "13502956"]
[BlackFideId "13515110"]
[WhiteElo "2662"]
[BlackElo "2437"]
[Result "1-0"]
[Round "07"]
[TimeControl "180+1"]
[Date "2022.11.01"]
[WhiteClock "0:00:05"]
[BlackClock "0:00:17"]

1. e4 e5 2. Nf3 Nc6 3. Bc4 Bc5 4. O-O Nf6 5. d3 O-O 6. Nbd2 d6 7. c3 a6 8. Bb3 h6 9. h3 Be6 10. Re1 Re8 11. Bxe6 Rxe6 12. Nb3 Ba7 13. Be3 Bxe3 14. Rxe3 Re8 15. Qc2 d5 16. Rae1 dxe4 17. dxe4 Qe7 18. Rd1 Rad8 19. Ree1 a5 20. Nc1 Qe6 21. a3 b6 22. Ne2 Qc4 23. Ng3 a4 24. Nd2 Qb5 25. Ndf1 Na5 26. Ne3 Qb3 27. Qe2 Qe6 28. Qb5 Qb3 29. Qe2 c6 30. Ngf5 Qe6 31. Qa6 c5 32. f3 Kh7 33. Qb5 g6 34. Ng3 Qb3 35. Qe2 Kg7 36. Kh2 h5 37. Rd2 Rxd2 38. Qxd2 Re7 39. Nef5+ gxf5 40. Nxf5+ Kf8 41. Qd8+ Re8 42. Qxf6 1-0


[Site "https://www.chess.com"]

[Event "Titled Tuesday Blitz November 01 Late 2022"]
[White "Zierk, Steven"]
[Black "Kilic, Eray"]
[WhiteFideId "2034255"]
[BlackFideId "44517173"]
[WhiteElo "2494"]
[BlackElo "2328"]
[Result "1-0"]
[Round "07"]
[TimeControl "180+1"]
[Date "2022.11.01"]
[WhiteClock "0:00:47"]
[BlackClock "0:01:08"]

1. e4 c5 2. Nf3 d6 3. d4 cxd4 4. Nxd4 Nf6 5. Nc3 a6 6. h3 e6 7. g4 Be7 8. Bg2 Nfd7 9. Be3 Qc7 10. g5 Nc6 11. h4 Nxd4 12. Qxd4 Rg8 13. f4 b5 14. f5 Bb7 15. fxe6 fxe6 16. Bh3 Nc5 17. b4 e5 18. Nd5 Qc6 19. Qc3 Nxe4 20. Nc7+ Kd8 21. Qxc6 Bxc6 22. Nxa8 Bxa8 23. Rf1 d5 24. Bb6+ Ke8 25. a3 d4 26. O-O-O Nc3 27. Rde1 Nd5 28. Be6 Rf8 29. Rxf8+ Kxf8 30. Bxd5 Bxd5 31. Rxe5 Bc4 32. Bc5 Bxc5 33. bxc5 d3 34. c6 dxc2 35. c7 1-0


[Site "https://www.chess.com"]

[Event "Titled Tuesday Blitz November 01 Late 2022"]
[White "Zilleruelo Irizarry, Diego"]
[Black "Sailer, Mike"]
[WhiteFideId "3101460"]
[BlackFideId "2012901"]
[WhiteElo "1998"]
[BlackElo "2109"]
[Result "1-0"]
[Round "07"]
[TimeControl "180+1"]
[Date "2022.11.02"]
[WhiteClock "0:00:05"]
[BlackClock "0:00:01"]

1. e4 d5 2. exd5 Qxd5 3. Nc3 Qd6 4. Nf3 Nf6 5. h3 c6 6. Bc4 Bf5 7. d3 e6 8. O-O Be7 9. Qe2 O-O 10. Bg5 h6 11. Bh4 Nbd7 12. Bg3 Qb4 13. Bb3 Nc5 14. Bc7 Nxb3 15. axb3 Bd8 16. Be5 Qe7 17. Ne4 Nxe4 18. dxe4 Bh7 19. Qc4 Bc7 20. Bc3 Rfd8 21. Rfd1 a6 22. Rd4 Bb6 23. Rdd1 Rxd1+ 24. Rxd1 Rd8 25. Re1 Qc5 26. Qe2 Qh5 27. Kh2 Bc7+ 28. Kg1 Qc5 29. Ra1 Bg6 30. Re1 Bh5 31. g4 Bg6 32. Kg2 Bf4 33. Ra1 Qd6 34. h4 f6 35. h5 Bf7 36. e5 fxe5 37. Nxe5 Qd5+ 38. f3 Bxe5 39. Qxe5 Qxe5 40. Bxe5 Rd2+ 41. Kg3 Rxc2 42. Rd1 Kf8 43. Rd7 Re2 44. Kf4 Rd2 45. Rxd2 1-0


[Site "https://www.chess.com"]

[Event "Titled Tuesday Blitz November 01 Late 2022"]
[White "Golubova, Anna"]
[Black "Dehtiarov, Roman"]
[WhiteFideId "24173606"]
[BlackFideId "14186640"]
[WhiteElo "2047"]
[BlackElo "2200"]
[Result "0-1"]
[Round "08"]
[TimeControl "180+1"]
[Date "2022.11.02"]
[WhiteClock "0:00:06"]
[BlackClock "0:00:07"]

1. Nf3 Nf6 2. g3 d5 3. Bg2 c5 4. O-O e6 5. d3 Nc6 6. Nbd2 Be7 7. e4 O-O 8. Re1 Re8 9. h4 d4 10. e5 Nd5 11. Ne4 h6 12. c4 dxc3 13. bxc3 b6 14. Bb2 Bb7 15. Nh2 Nxe5 16. c4 Nb4 17. Bxe5 Nxd3 18. Bc3 Nxe1 19. Qxe1 Qc7 20. Qe3 f5 21. Nd2 Bd6 22. Bxb7 Qxb7 23. f4 b5 24. Nhf3 b4 25. Bb2 a5 26. Re1 a4 27. Ne5 Rad8 28. Ndf3 Be7 29. Nd3 Bf8 30. Kf2 a3 31. Ba1 b3 32. axb3 Qxb3 33. Nde5 Qa2+ 34. Qe2 Qb3 35. Qe3 Qb7 36. Qxa3 Ra8 37. Qb2 Qc7 38. Ng6 Reb8 39. Qe2 Ra6 40. Nxf8 Rxf8 41. Ne5 Rfa8 42. Bc3 Ra2 43. Bd2 Rd8 44. Nf3 Qd7 45. Qxe6+ Qxe6 46. Rxe6 Raxd2+ 47. Nxd2 Rxd2+ 48. Ke3 Rg2 49. Kf3 Rc2 50. Re5 Rc3+ 51. Kf2 Rc2+ 52. Ke3 Rxc4 53. Rxf5 Rc3+ 54. Kf2 c4 55. g4 Kh7 56. g5 hxg5 57. hxg5 Kg6 58. Rc5 Kh5 59. Rc7 g6 60. Rh7+ Kg4 61. Rf7 Rc2+ 62. Ke3 Rc1 63. Rf6 Kh5 64. Rf7 Kg4 65. Rf8 Re1+ 66. Kd4 Rf1 67. Rg8 Rxf4+ 68. Kc3 Kxg5 69. Rg7 Rf6 70. Kxc4 Kf4 71. Kc3 g5 72. Kd2 Re6 73. Rf7+ Kg3 74. Rf1 g4 75. Rg1+ Kh3 76. Rh1+ Kg2 77. Rh8 g3 78. Rg8 Kf2 79. Rf8+ Kg1 80. Rg8 g2 81. Rf8 Re5 82. Rg8 Re4 83. Rf8 Re5 84. Rg8 Rh5 85. Rf8 Kh1 86. Ke2 g1=Q 87. Rf1 Re5+ 88. Kd2 Qxf1 89. Kc2 Qe1 90. Kb2 Re8 91. Ka2 Rd8 92. Kb2 Qe7 93. Kb3 Qc7 94. Kb4 Rb8+ 95. Ka4 Qa7# 0-1


[Site "https://www.chess.com"]

[Event "Titled Tuesday Blitz November 01 Late 2022"]
[White "Aggelis, Nikolaos"]
[Black "Azarov, Sergei"]
[WhiteFideId "4213220"]
[BlackFideId "13501470"]
[WhiteElo "2187"]
[BlackElo "2494"]
[Result "1/2-1/2"]
[Round "08"]
[TimeControl "180+1"]
[Date "2022.11.02"]
[WhiteClock "0:00:33"]
[BlackClock "0:00:03"]

1. d4 f5 2. g3 Nf6 3. Bg2 e6 4. Nf3 Be7 5. O-O O-O 6. b3 d6 7. Bb2 a5 8. a3 Ne4 9. Nfd2 Nxd2 10. Nxd2 Nc6 11. e4 f4 12. e5 Bd7 13. Ne4 d5 14. Nd2 Be8 15. c4 Bg6 16. cxd5 exd5 17. Qf3 fxg3 18. Qxd5+ Bf7 19. Qxd8 gxh2+ 20. Kxh2 Raxd8 21. Bxc6 bxc6 22. f4 c5 23. Nf3 Bxb3 24. Kg3 Bd5 25. Rac1 Rb8 26. Bc3 c4 27. Bxa5 Bxa3 28. Ra1 Rb3 29. Bxc7 c3 30. Rxa3 Rxa3 31. Bd6 Rb3 32. Bxf8 c2 33. Rc1 Rxf3+ 34. Kg4 Kxf8 35. Rxc2 Rd3 36. Rc8+ Kf7 37. Rc7+ Kf8 38. Rc8+ Ke7 39. Rc7+ Kf8 40. Rc8+ 1/2-1/2


[Site "https://www.chess.com"]

[Event "Titled Tuesday Blitz November 01 Late 2022"]
[White "Aguilar, Juan"]
[Black "Roque Sola, Gisela"]
[WhiteFideId "3800091"]
[BlackFideId "5120241"]
[WhiteElo "2434"]
[BlackElo "1961"]
[Result "0-1"]
[Round "08"]
[TimeControl "180+1"]
[Date "2022.11.02"]
[WhiteClock "0:00:02"]
[BlackClock "0:00:31"]

1. d4 Nf6 2. c4 e6 3. Nf3 d5 4. g3 Be7 5. Bg2 O-O 6. O-O dxc4 7. Qc2 a6 8. a4 Bd7 9. Qxc4 Bc6 10. Bg5 Nbd7 11. Nc3 h6 12. Bxf6 Nxf6 13. Ne5 Bxg2 14. Kxg2 a5 15. Rfd1 c6 16. Qb3 Qc8 17. Nc4 Nd7 18. Ne4 Bb4 19. Rac1 Rd8 20. Qf3 Qb8 21. h4 b5 22. axb5 cxb5 23. Ne3 Be7 24. Rc6 Nb6 25. Nc5 Bxc5 26. dxc5 Nd7 27. Rcd6 Qc7 28. Rc6 Qb7 29. Rcd6 Qc7 30. c6 Ne5 31. Rxd8+ Rxd8 32. Rxd8+ Qxd8 33. Qe4 Qc7 34. Qd4 Qxc6+ 35. f3 Nc4 36. Qa7 Nxe3+ 37. Qxe3 Qc2 38. Qd4 a4 39. Qd8+ Kh7 40. Qd3+ Qxd3 41. exd3 b4 42. Kf2 a3 43. bxa3 bxa3 0-1


[Site "https://www.chess.com"]

[Event "Titled Tuesday Blitz November 01 Late 2022"]
[White "Aizpurua, Patrick Emilio"]
[Black "Yuan, Qingyu"]
[WhiteFideId "6600522"]
[BlackFideId "8609772"]
[WhiteElo "2378"]
[BlackElo "2359"]
[Result "0-1"]
[Round "08"]
[TimeControl "180+1"]
[Date "2022.11.02"]
[WhiteClock "0:00:09"]
[BlackClock "0:00:17"]

1. d4 d5 2. c4 e6 3. Nf3 Nf6 4. g3 dxc4 5. Bg2 c5 6. O-O Nc6 7. Ne5 Bd7 8. Na3 cxd4 9. Naxc4 Be7 10. b3 O-O 11. Bb2 Bc5 12. Rc1 Rc8 13. a3 a6 14. b4 Ba7 15. Nxd7 Qxd7 16. Qd3 Nd5 17. Rfd1 Rfd8 18. Be4 h6 19. Bf3 Qe7 20. Qe4 Nf6 21. Qh4 e5 22. e4 Rc7 23. Be2 Rdc8 24. Bd3 Nd8 25. Nd2 Ne6 26. Nf3 Qd6 27. Rxc7 Rxc7 28. Bc1 Nf8 29. Bd2 Ng6 30. Qh3 b5 31. Kg2 Bb6 32. Qf5 Ne7 33. Qh3 Ng6 34. Qf5 Qd7 35. Re1 Qd6 36. h4 h5 37. Ng5 Ne7 38. Qf3 Qd7 39. Rc1 Rxc1 40. Bxc1 Qg4 41. Be2 Qxf3+ 42. Bxf3 g6 43. Be2 Nc8 44. f4 Bc7 45. Bd3 Nb6 46. Nf3 Ng4 47. Bb2 f6 48. Kf1 Nc4 49. Bc1 Kf7 50. Ke2 Ke6 51. Nd2 Nge3 52. Nxc4 Nxc4 53. Kf3 Bd6 54. fxe5 Nxe5+ 55. Ke2 Nxd3 56. Kxd3 Bxg3 57. Kxd4 Bxh4 58. Kc5 Bf2+ 59. Kc6 g5 60. Kb7 h4 61. Kxa6 h3 62. Kxb5 h2 63. Be3 Bxe3 0-1


[Site "https://www.chess.com"]

[Event "Titled Tuesday Blitz November 01 Late 2022"]
[White "Aldokhin, Ivan"]
[Black "Djordjevic, Vuk"]
[WhiteFideId "24115720"]
[BlackFideId "902098"]
[WhiteElo "2313"]
[BlackElo "2456"]
[Result "0-1"]
[Round "08"]
[TimeControl "180+1"]
[Date "2022.11.02"]
[WhiteClock "0:00:03"]
[BlackClock "0:00:05"]

1. e4 d5 2. exd5 Qxd5 3. Nc3 Qd6 4. d4 Nf6 5. Nf3 c6 6. g3 Bg4 7. Bg2 e6 8. Bf4 Qd8 9. O-O Bd6 10. Qd2 Bxf3 11. Bxf3 Bxf4 12. Qxf4 O-O 13. Ne2 Na6 14. c4 Re8 15. Rfd1 Qb6 16. Rab1 Rad8 17. b4 Nb8 18. a4 Qa6 19. Rdc1 Qxa4 20. Nc3 Qa6 21. b5 cxb5 22. Nxb5 Qa5 23. Nd6 Rxd6 24. Qxd6 b6 25. c5 Qa3 26. Kg2 bxc5 27. dxc5 Nbd7 28. Bc6 Qa6 29. Qc7 Qc8 30. Qxc8 Rxc8 31. Bxd7 Nxd7 32. c6 Nb6 33. Ra1 Rc7 34. Rc5 Kf8 35. Rb5 Nc8 36. Rb8 Rxc6 37. Rxa7 Ke8 38. Raa8 Kd7 39. Rb7+ Rc7 40. Rab8 h6 41. Rxc7+ Kxc7 42. Rb2 Nd6 43. Rc2+ Kd7 44. Kf3 Ke7 45. Kf4 Nf5 46. Rc7+ Kf6 47. g4 g5+ 48. Ke4 Ne7 49. Ra7 Nd5 50. h3 Nf4 51. Ra3 Ng6 52. Kf3 Ke5 53. Kg3 Kf6 54. Ra6 Ne7 55. Ra7 Nd5 56. Ra8 Nf4 57. Rh8 Ng6 58. Ra8 Ne5 59. f4 gxf4+ 60. Kxf4 Ng6+ 61. Kg3 Ne7 62. Rh8 Kg7 63. Ra8 Ng6 64. Ra5 Ne7 65. h4 Nd5 66. Ra7 Nc3 67. Rc7 Nd5 68. Ra7 Nf6 69. Kf4 Kg6 70. Ra8 Kg7 71. Kg3 Kg6 72. Kh3 Ne4 73. Ra5 Nc3 74. h5+ Kf6 75. Kg3 Nd5 76. Rb5 Ne3 77. Rb8 Nd5 78. Kf3 Kg7 79. Ra8 Nf6 80. Kf4 Nd5+ 81. Ke5 Ne3 82. Ra4 Nd5 83. Rd4 Ne7 84. Kf4 Kf6 85. Kg3 Nc6 86. Rd1 Ne5 87. Rf1+ Kg7 88. Kf4 Nd3+ 89. Ke4 Nb4 90. Ke5 Nd5 91. Rg1 Kf8 92. Rg2 Ke7 93. Rd2 Kf8 94. Rxd5 exd5 95. Kxd5 Ke8 96. Ke5 Kf8 97. Kf6 Kg8 98. Kf5 Kf8 99. Ke5 Ke7 100. g5 hxg5 101. h6 f6+ 102. Kf5 Kf7 103. h7 Kg7 104. h8=Q+ Kxh8 0-1


[Site "https://www.chess.com"]

[Event "Titled Tuesday Blitz November 01 Late 2022"]
[White "Ali Abdullahi, Farah"]
[Black "Vargas, Mauricio"]
[WhiteFideId "16100212"]
[BlackFideId "4404572"]
[WhiteElo "2283"]
[BlackElo "2025"]
[Result "1-0"]
[Round "08"]
[TimeControl "180+1"]
[Date "2022.11.02"]
[WhiteClock "0:02:09"]
[BlackClock "0:00:02"]

1. d4 d5 2. Nf3 c6 3. c4 e6 4. cxd5 exd5 5. Nc3 Bg4 6. Ne5 Nf6 7. Bg5 Bf5 8. e3 Bd6 9. Bd3 Bxd3 10. Qxd3 Nbd7 11. O-O Nxe5 12. dxe5 Bxe5 13. Qf5 Qd6 14. f4 g6 15. Qd3 Bxc3 16. Qxc3 Ke7 17. e4 d4 18. Qb3 Qc5 19. e5 d3+ 20. Kh1 h6 21. Qxb7+ Ke6 22. Bxf6 Rhb8 23. Qa6 Rxb2 24. Qxd3 Rab8 25. Qh3+ Kd5 26. Rad1+ 1-0


[Site "https://www.chess.com"]

[Event "Titled Tuesday Blitz November 01 Late 2022"]
[White "Annaberdiyev, Babageldi"]
[Black "Mikhailuk, Slava"]
[WhiteFideId "14000385"]
[BlackFideId "2012910"]
[WhiteElo "2332"]
[BlackElo "2353"]
[Result "1-0"]
[Round "08"]
[TimeControl "180+1"]
[Date "2022.11.02"]
[WhiteClock "0:02:04"]
[BlackClock "0:00:11"]

1. e4 c5 2. Nf3 Nc6 3. d3 g6 4. Nbd2 Bg7 5. g3 Nf6 6. Bg2 O-O 7. O-O d6 8. Re1 Rb8 9. Nf1 b5 10. c3 a5 11. d4 cxd4 12. cxd4 e5 13. d5 Ne7 14. Bg5 h6 15. Bxf6 Bxf6 16. Qd2 Bg7 17. Rec1 Bd7 18. Nh4 Qb6 19. Rc2 Rfc8 20. Rac1 Rxc2 21. Rxc2 Rc8 22. Qc1 Rxc2 23. Qxc2 Qc5 24. Ne3 Qxc2 25. Nxc2 Nc8 26. Bf1 Bf6 27. Ng2 Bd8 28. Bd3 Bb6 29. Kf1 Bc5 30. Nge3 Nb6 31. b3 h5 32. h4 Kf8 33. Ke2 Ke7 34. f3 Kd8 35. Nd1 Nc8 36. Nc3 Na7 37. a3 Kc7 38. b4 axb4 39. axb4 Bb6 40. Na3 Bd4 41. Ncxb5+ Nxb5 42. Bxb5 Bc3 43. Bxd7 Kxd7 44. Nc2 Kc7 45. Kd3 Bb2 46. g4 f6 47. gxh5 gxh5 48. Ne3 Bd4 49. Nf5 Bf2 50. Ng7 Bxh4 51. Nxh5 Bg5 52. Kc4 Kb6 53. Ng7 Kc7 54. Nf5 Bd2 55. Kb5 Be1 56. Ng7 Bd2 57. Nh5 Bg5 58. Ka6 Bh4 59. b5 1-0


[Site "https://www.chess.com"]

[Event "Titled Tuesday Blitz November 01 Late 2022"]
[White "Antonio, Jorge Carlos"]
[Black "Marcolino, Daniel Mattos"]
[WhiteFideId "113190"]
[BlackFideId "2106841"]
[WhiteElo "2247"]
[BlackElo "2073"]
[Result "0-1"]
[Round "08"]
[TimeControl "180+1"]
[Date "2022.11.02"]
[WhiteClock "0:01:18"]
[BlackClock "0:00:31"]

1. d4 Nf6 2. Nf3 d5 3. Bf4 c5 4. e3 Nc6 5. c3 Qb6 6. Qb3 c4 7. Qxb6 axb6 8. Nbd2 b5 9. Ng5 h6 10. Ngf3 Bf5 11. a3 e6 12. Rc1 Nh5 13. Bg3 Nxg3 14. hxg3 Bd6 15. Nh4 Bh7 16. Be2 O-O 17. f3 g5 18. Kf2 gxh4 19. Rxh4 Kg7 20. Rch1 Bg6 21. Rxh6 Rh8 22. Rxh8 Rxh8 23. Rxh8 Kxh8 24. f4 Kg7 25. g4 f6 26. Nf3 e5 27. dxe5 fxe5 28. f5 Bf7 29. g5 e4 30. Nd4 Nxd4 31. cxd4 b4 32. axb4 Bxb4 33. Kg3 Bd2 34. Kf4 Bc1 35. f6+ Kg6 36. Bg4 Bxb2 37. Bf5+ Kh5 38. g4+ Kh4 39. g6 Bxg6 40. Bxg6 c3 41. f7 Ba3 42. Ke5 c2 43. Kxd5 c1=Q 44. Bxe4 Qc6+ 45. Ke5 Bd6+ 46. Kf5 Qd7+ 47. Kf6 Qe7+ 48. Kg7 Qxe4 49. g5 Kxg5 50. d5 Qe5+ 51. Kg8 Kg6 52. e4 Qg7# 0-1


[Site "https://www.chess.com"]

[Event "Titled Tuesday Blitz November 01 Late 2022"]
[White "Ashiku, Franc"]
[Black "Pace, Christopher"]
[WhiteFideId "4700066"]
[BlackFideId "2610167"]
[WhiteElo "2306"]
[BlackElo "2306"]
[Result "1-0"]
[Round "08"]
[TimeControl "180+1"]
[Date "2022.11.02"]
[WhiteClock "0:00:44"]
[BlackClock "0:00:32"]

1. d4 g6 2. c4 Bg7 3. g3 c6 4. Bg2 d5 5. Nf3 Nf6 6. O-O O-O 7. cxd5 cxd5 8. Ne5 Nbd7 9. Nc3 e6 10. Nd3 Nb8 11. b3 Nc6 12. e3 b6 13. a4 Ba6 14. Nb5 Ne4 15. Ba3 Re8 16. Rc1 Qd7 17. f3 Nf6 18. Ne5 Nxe5 19. dxe5 Bxb5 20. axb5 Nh5 21. g4 Qxb5 22. gxh5 Bxe5 23. hxg6 hxg6 24. f4 Bg7 25. h4 Rac8 26. Rxc8 Rxc8 27. h5 Qa5 28. Bd6 Qc3 29. Qf3 Qxb3 30. hxg6 fxg6 31. Bh3 Kf7 32. f5 exf5 33. Bxf5 1-0


[Site "https://www.chess.com"]

[Event "Titled Tuesday Blitz November 01 Late 2022"]
[White "Barria Zuniga, Daniel"]
[Black "Bjelobrk, Igor"]
[WhiteFideId "3400816"]
[BlackFideId "4300726"]
[WhiteElo "2414"]
[BlackElo "2335"]
[Result "0-1"]
[Round "08"]
[TimeControl "180+1"]
[Date "2022.11.02"]
[WhiteClock "0:01:35"]
[BlackClock "0:01:20"]

1. c4 e6 2. Nf3 d5 3. d4 Nf6 4. Nc3 Bb4 5. Qa4+ Nc6 6. e3 O-O 7. Bd2 dxc4 8. Bxc4 Bd6 9. h3 e5 10. O-O Bd7 11. Qc2 exd4 12. exd4 Qc8 13. Rfe1 Bxh3 14. gxh3 Qxh3 15. Qd3 Nb4 16. Qe2 Nc2 17. Ne5 Nxd4 18. Qd3 Qxd3 19. Nxd3 Nf3+ 20. Kg2 Nxd2 21. Bb3 Nxb3 22. axb3 a6 23. Ne4 Nxe4 24. Rxe4 Rfe8 25. Rae1 Rxe4 26. Rxe4 Kf8 0-1


[Site "https://www.chess.com"]

[Event "Titled Tuesday Blitz November 01 Late 2022"]
[White "Bartel, Mateusz"]
[Black "Ter-Sahakyan, Samvel"]
[WhiteFideId "1112635"]
[BlackFideId "13302531"]
[WhiteElo "2530"]
[BlackElo "2604"]
[Result "0-1"]
[Round "08"]
[TimeControl "180+1"]
[Date "2022.11.01"]
[WhiteClock "0:00:15"]
[BlackClock "0:00:40"]

1. Nf3 d5 2. g3 g6 3. Bg2 Bg7 4. O-O e5 5. d3 Nc6 6. Nc3 d4 7. Na4 Nf6 8. c3 O-O 9. Bg5 h6 10. Bxf6 Bxf6 11. Rc1 Re8 12. Nd2 Ne7 13. cxd4 exd4 14. Nc5 c6 15. h3 Nd5 16. Re1 Bg7 17. Ncb3 h5 18. Nf3 Nc7 19. Qd2 Ne6 20. Na5 Re7 21. b4 Rb8 22. a3 Bd7 23. Rc2 Be8 24. Ng5 Bh6 25. Nxe6 Bxd2 26. Nxd8 Bxe1 27. Ndxb7 Rexb7 28. Nxb7 Rxb7 29. Bxc6 Rc7 30. Ba4 Rxc2 31. Bxc2 Bc3 32. e4 dxe3 33. fxe3 Bd7 34. Kg2 Bd2 35. e4 Bc3 36. h4 Kf8 37. Kf3 Bd4 38. Kf4 Ke7 39. Bb3 f6 40. a4 Be5+ 41. Kf3 g5 42. hxg5 fxg5 43. b5 Bg4+ 44. Kf2 Bd4+ 45. Kg2 Kd6 46. Bc4 Bc3 47. Kf2 Ke5 48. Ke3 Bd4+ 49. Kd2 Bb6 0-1


[Site "https://www.chess.com"]

[Event "Titled Tuesday Blitz November 01 Late 2022"]
[White "Baskakov, Egor"]
[Black "Mladenovic, Stefan"]
[WhiteFideId "24197866"]
[BlackFideId "942227"]
[WhiteElo "2211"]
[BlackElo "2337"]
[Result "1-0"]
[Round "08"]
[TimeControl "180+1"]
[Date "2022.11.01"]
[WhiteClock "0:00:08"]
[BlackClock "0:00:01"]

1. e4 c5 2. Nf3 d6 3. d4 cxd4 4. Nxd4 Nf6 5. Nc3 g6 6. g3 Nc6 7. Nde2 Bg7 8. Bg2 O-O 9. h3 Rb8 10. a4 a6 11. O-O b5 12. axb5 axb5 13. Be3 b4 14. Nd5 Nd7 15. Ra2 Bb7 16. b3 Ra8 17. Rxa8 Qxa8 18. Nd4 Nde5 19. f4 Nxd4 20. Bxd4 Nc6 21. Bxg7 Kxg7 22. Kh2 Qa7 23. f5 Qd4 24. Qc1 f6 25. Nf4 Nd8 26. Rd1 Qe5 27. Re1 g5 28. Nd5 Nc6 29. Qd2 Rc8 30. Re3 Nd4 31. c3 bxc3 32. Nxc3 Nxb3 33. Qe1 h5 34. Nd5 Nd4 35. Rc3 Rxc3 36. Nxc3 h4 37. Nd1 hxg3+ 38. Qxg3 1-0


[Site "https://www.chess.com"]

[Event "Titled Tuesday Blitz November 01 Late 2022"]
[White "Bayo Milagro, Alvaro"]
[Black "Ezat, Mohamed"]
[WhiteFideId "22275240"]
[BlackFideId "10600906"]
[WhiteElo "2270"]
[BlackElo "2386"]
[Result "0-1"]
[Round "08"]
[TimeControl "180+1"]
[Date "2022.11.02"]
[WhiteClock "0:00:07"]
[BlackClock "0:00:39"]

1. e4 e5 2. Nf3 Nc6 3. Bb5 Nge7 4. O-O a6 5. Bc4 Ng6 6. d4 exd4 7. c3 d3 8. Bxd3 Bc5 9. Bg5 f6 10. Bc1 O-O 11. Nbd2 d6 12. h3 Nce5 13. Be2 Nf4 14. Nc4 Nxe2+ 15. Qxe2 Be6 16. Ne3 Bb6 17. Nd5 Bxd5 18. exd5 Re8 19. Nd4 Bxd4 20. cxd4 Ng6 21. Qg4 Qe7 22. Bd2 Qe4 23. Qxe4 Rxe4 24. Rac1 Rc8 25. Ba5 Re7 26. Bb4 Rd7 27. Rfe1 Nf4 28. Re6 Kf7 29. Rce1 Nd3 0-1


[Site "https://www.chess.com"]

[Event "Titled Tuesday Blitz November 01 Late 2022"]
[White "Bazzano, Sebastian"]
[Black "Perez Cruz, Adianet"]
[WhiteFideId "104566"]
[BlackFideId "3510115"]
[WhiteElo "2214"]
[BlackElo "2141"]
[Result "0-1"]
[Round "08"]
[TimeControl "180+1"]
[Date "2022.11.02"]
[WhiteClock "0:00:01"]
[BlackClock "0:01:07"]

1. d4 d5 2. Bf4 Nf6 3. e3 c6 4. c3 Bg4 5. Be2 Bxe2 6. Qxe2 Nbd7 7. Nf3 e6 8. Nbd2 c5 9. h3 cxd4 10. exd4 Be7 11. O-O O-O 12. Ne5 Nxe5 13. Bxe5 Bd6 14. Rfe1 Bxe5 15. dxe5 Ne8 16. Qg4 g6 17. h4 Ng7 18. Nf3 h5 19. Qf4 Rc8 20. Rad1 Rc4 21. Rd4 Qc7 22. Rxc4 Qxc4 23. Qxc4 dxc4 24. Rd1 Rb8 25. Rd7 Nf5 26. g3 b5 27. Rxa7 b4 28. Rc7 bxc3 29. bxc3 Rb1+ 30. Kg2 Rb2 31. Nd4 Ne3+ 32. Kf3 Ng4 33. Ne2 Rxa2 34. Rc5 Nh2+ 35. Ke3 Ng4+ 36. Kf3 Ra4 37. Nf4 Ra3 38. Ne2 Ra1 39. Kg2 Re1 40. Nf4 Rc1 41. Rxc4 Nxe5 42. Rc7 Ng4 43. Nh3 Rc2 44. c4 Ne5 45. c5 Nd3 46. Ng5 Rxc5 47. Rxc5 Nxc5 48. f4 Nd7 0-1


[Site "https://www.chess.com"]

[Event "Titled Tuesday Blitz November 01 Late 2022"]
[White "Besedes, Danilo"]
[Black "Drygalov, Sergey"]
[WhiteFideId "946796"]
[BlackFideId "24171743"]
[WhiteElo "2352"]
[BlackElo "2528"]
[Result "0-1"]
[Round "08"]
[TimeControl "180+1"]
[Date "2022.11.02"]
[WhiteClock "0:01:40"]
[BlackClock "0:00:58"]

1. Nf3 d5 2. d3 Nf6 3. Nbd2 g6 4. e4 Bg7 5. Be2 c5 6. O-O Nc6 7. Re1 O-O 8. Bf1 e5 9. c3 h6 10. Qc2 Re8 11. a3 a5 12. a4 Be6 13. exd5 Nxd5 14. Nc4 Qc7 15. Nfd2 f5 16. Nb3 b6 17. Na3 Rad8 18. Nb5 Qd7 19. Nd2 Nf4 20. Nc4 Nxd3 21. Bxd3 Qxd3 22. Qxd3 Rxd3 23. Nxb6 Rb8 24. Nc7 Bf7 25. Na6 Rxb6 26. Nxc5 Rd8 0-1


[Site "https://www.chess.com"]

[Event "Titled Tuesday Blitz November 01 Late 2022"]
[White "Bilan, Danila"]
[Black "Velikanov, Alexander"]
[WhiteFideId "24161918"]
[BlackFideId "2039290"]
[WhiteElo "2203"]
[BlackElo "2259"]
[Result "1-0"]
[Round "08"]
[TimeControl "180+1"]
[Date "2022.11.02"]
[WhiteClock "0:00:04"]
[BlackClock "0:00:02"]

1. d4 Nf6 2. Nf3 g6 3. Bg5 Bg7 4. c3 O-O 5. Nbd2 d6 6. e4 b6 7. Qc2 Bb7 8. Bc4 d5 9. exd5 Nxd5 10. O-O Nd7 11. Rfe1 N7f6 12. Ne4 c5 13. dxc5 Rc8 14. Rad1 Qc7 15. Bd3 bxc5 16. Nxf6+ Nxf6 17. Bc4 Bxf3 18. gxf3 e6 19. Qe2 Nh5 20. Qe4 Rb8 21. Re2 Rb6 22. Red2 Qb7 23. Qxb7 Rxb7 24. Be3 Rc7 25. Rd7 Rxd7 26. Rxd7 Rb8 27. Bxc5 Bf8 28. Bxf8 Kxf8 29. b3 Nf4 30. Rxa7 Rd8 31. h4 Rd2 32. Kh2 e5 33. Kg3 f5 34. Rxh7 Rd1 35. Rf7+ Ke8 36. Ra7 Rg1+ 37. Kh2 Rg2+ 38. Kh1 Rxf2 39. Ra5 Rxf3 40. Rxe5+ Kd7 41. Re1 Rxc3 42. a4 Rh3+ 43. Kg1 Rxh4 44. a5 Rg4+ 45. Kf2 Nh3+ 46. Kf3 Ng5+ 47. Kf2 Ne4+ 48. Ke3 Rg3+ 49. Kd4 Kc6 50. Ke5 Nc5 51. b4 Nd7+ 52. Ke6 Nb8 53. b5+ Kc5 54. Bf1 Ra3 55. a6 Kb6 56. Rd1 Re3+ 57. Kf6 Rg3 58. Ra1 Ka7 59. b6+ Kxb6 60. a7 Nd7+ 61. Ke7 Re3+ 62. Kxd7 1-0


[Site "https://www.chess.com"]